 Dungeon Crawl Stone Soup version 0.26-a0-850-g97a50ab700 (webtiles) character file.

Game seed: 16427806939701518876

1019 runemasterragnar the Slasher (level 8, -6/81 HPs)
             Began as an Octopode Fighter on Nov 21, 2020.
             Was an Initiate of Gozag.
             Killed by divine providence
             ... invoked by an orc priest
              (12 damage)
             ... on level 5 of the Dungeon.
             The game lasted 00:05:25 (4951 turns).

runemasterragnar the Slasher (Octopode Fighter)     Turns: 4951, Time: 00:05:25

Health: -6/81      AC: 24    Str: 12 (15) XL:     8   Next: 22%
Magic:  8/8        EV:  2    Int: 11 (12) God:    Gozag
Gold:   276        SH:  8    Dex:  9 (12) Spells: 7/7 levels left

rFire    . . .     SeeInvis .   a - +0 long sword
rCold    . . .     Faith    .   b - +0 kite shield
rNeg     + + +     Spirit   .   (helmet currently unavailable)
rPois    +         Reflect  .   (no amulet)
rElec    .         Harm     .   (no ring)
rCorr    .         Rampage  .   (no ring)
MR       .....     NoTele   +   (no ring)
Stlth    ++........             (no ring)
HPRegen  0.23/turn              (no ring)
MPRegen  0.11/turn              (no ring)
                                (no ring)
                                (no ring)

@: tree-form
A: almost no armour, stealthy swim, (amphibious), 8 rings, (constrict 8)
a: Potion Petition, Call Merchant, Bribe Branch, Renounce Religion


You were on level 5 of the Dungeon.
You worshipped Gozag.
Gozag was aware of your devotion.
You were a tree.
You visited 2 branches of the dungeon, and saw 6 of its levels.

You collected 355 gold pieces.
You paid 79 gold pieces to Gozag.

Inventory:

Hand Weapons
 a - a +0 long sword (weapon)
 k - a +2 dagger of holy wrath
 s - a +1 rapier of flaming
Missiles
 q - 6 javelins (quivered)
 u - a throwing net
 y - 14 poisoned darts
Armour
 b - a +0 kite shield (worn)
Wands
 p - a wand of disintegration (2)
Scrolls
 d - 5 scrolls of remove curse
 e - 2 scrolls of enchant weapon {unknown}
 f - 5 scrolls of teleportation {unknown}
 g - a scroll of noise {unknown}
 h - 2 scrolls of magic mapping
 j - a scroll of immolation {unknown}
 o - a scroll of fear
 v - a scroll of blinking {unknown}
 w - a scroll of random uselessness {unknown}
Potions
 c - 2 potions of might
 i - 2 potions of resistance
 m - 4 potions of flight
 n - a potion of cancellation
 r - a potion of haste
 x - 2 potions of brilliance


   Skills:
 + Level 4.4 Fighting
 * Level 5.1 Long Blades
 + Level 4.4 Dodging
 + Level 4.3 Stealth
 + Level 4.3 Shields
 + Level 3.0 Unarmed Combat
 + Level 2.9 Evocations


You had 7 spell levels left.
You didn't know any spells.
Your spell library was empty.

Dungeon Overview and Level Annotations

Branches:
Dungeon (5/15)             Temple (1/1) D:4

Altars:
Ashenzari
Elyvilon
Fedhas
Gozag
Hepliaklqana
Nemelex Xobeh
Okawaru
Qazlal
Ru
Sif Muna
Trog
Uskayaw
Vehumet
Wu Jian
Zin


Innate Abilities, Weirdness & Mutations

You cannot wear most types of armour.
You are very stealthy in the water. (Stealth+)
((You are amphibious.))
You can wear up to eight rings at the same time.
((You can use your tentacles to constrict eight enemies at once.))
((Your skin changes colour to match your surroundings (Stealth+).))
((Your rubbery body absorbs attacks. (AC +1, EV +1)))


Message History

Unknown command.
It was a potion of degeneration.
There was something very wrong with that liquid.
You feel weakened.
You feel dopey.
You feel clumsy. You block the orc priest's attack.
Really quaff the potion of lignification?
You turn into a tree.
Your roots penetrate the ground.
You block the orc priest's attack.
You hit the orc priest.
The orc priest is severely wounded.
The orc priest hits you.
* * * LOW HITPOINT WARNING * * *
Unknown command.
You closely miss the orc priest.
The orc priest is severely wounded.
You block the orc priest's attack.
The orc priest calls down the wrath of Beogh upon you.
Beogh smites you!
You die...
Your body crumbles into a pile of gold.

**,,****,,***#..*#..#**,,******
**,,**##..*###..##c.#**,,***,,**
,,,,+,,.........o.$.#,,,,,+,,,,*
,,,,*,,,.........$..#,,,,,*,,,,*
+###*####.###..###$.#**,,**,,,***
...###.##.########.$##*,,**,,,,,*
...+........'...#....#,,,,,,,,,,,
...#........#$$.#o...#,,,,,,,,,,,
...##.......#...♣....#*,,*******,
...##.......#$..#(...#*,,*≈≈≈≈≈*,
...........##+###....#*,,*≈≈∩≈≈*,
...##..##..#*,,*######*,,*≈≈≈≈≈+,
...##..#####*,,,* *,,,*≈≈≈≈≈*,
........# *,,,,* *,,,*******,
...##...# **,,** *,,,,,,,,,,,
...##..># **** **,,********
...##..## ***********


You could see an orc priest.

Vanquished Creatures
  An ice beast (D:4)
  A phantom (D:5)
  A centaur (D:5)
  2 ogres (D:4)
  A jelly (D:5)
  2 hounds
  A bullfrog skeleton (D:4)
  2 orc priests
  3 orc wizards
  Jessica (D:3)
  2 iguanas (D:4)
  A worker ant (D:4)
  A hound skeleton (D:4)
  7 gnolls
  2 adders (D:2)
  3 oozes
  3 worms
  3 dart slugs
  15 orcs
  3 ball pythons
  6 giant cockroaches
  6 goblins
  7 hobgoblins
  3 jackals (D:1)
  2 quokkas
  9 bats
  A frilled lizard (D:5)
  7 kobolds
  A quokka skeleton (D:4)
  5 rats
102 creatures vanquished.

Notes
Turn   | Place    | Note
-------+----------+-------------------------------------------
     0 | D:1      | runemasterragnar the Octopode Fighter began the quest for
                  | the Orb.
     0 | D:1      | Reached XP level 1. HP: 16/16 MP: 1/1
   189 | D:1      | Reached XP level 2. HP: 21/21 MP: 2/2
   236 | D:1      | Reached skill level 1 in Stealth
   605 | D:1      | Reached XP level 3. HP: 11/26 MP: 3/3
  1297 | D:2      | Reached skill level 1 in Unarmed Combat
  1484 | D:2      | Reached XP level 4. HP: 31/31 MP: 4/4
  1525 | D:2      | Found a faded altar of an unknown god.
  1749 | D:2      | Reached skill level 3 in Long Blades
  1766 | D:2      | Reached XP level 5. HP: 25/36 MP: 5/5
  2123 | D:2      | Found a hide-covered altar of Uskayaw.
  2291 | D:3      | HP: 1/36 [orc wizard/puff of flame (10)]
  2293 | D:3      | Reached skill level 1 in Evocations
  2677 | D:3      | Reached XP level 6. HP: 17/42 MP: 6/6
  3183 | D:3      | Noticed Jessica
  3185 | D:3      | Killed Jessica
  3582 | D:4      | Reached skill level 4 in Long Blades
  3819 | D:4      | Found a staircase to the Ecumenical Temple.
  3825 | D:4      | Reached XP level 7. HP: 47/47 MP: 7/7
  3837 | Temple   | Entered the Ecumenical Temple
  3846 | Temple   | Became a worshipper of Gozag Ym Sagoz the Greedy
  4487 | D:4      | Found a faded altar of an unknown god.
  4487 | D:4      | Found a sacrificial altar of Ru.
  4492 | D:4      | Found a sparkling altar of Nemelex Xobeh.
  4494 | D:4      | Found a glowing silver altar of Zin.
  4495 | D:4      | Found a white marble altar of Elyvilon.
  4874 | D:5      | Entered Level 5 of the Dungeon
  4933 | D:5      | Reached XP level 8. HP: 33/54 MP: 8/8
  4936 | D:5      | Reached skill level 5 in Long Blades
  4951 | D:5      | Killed from afar by an orc priest

Illustrated notes

Levels and vault maps discovered:
D:1:      psy_arrival_fountain, layout_basic
D:2:      minmay_chambers_of_ones, layout_rooms, lemuel_coloured_pillars_altar,
          chequers_ecumenical_altar_simple, hangedman_decor_opposing,
          minmay_split_cup_small
D:3:      layout_loops_ring, kennysheep_jessica_study, uniq_jessica
D:4:      layout_basic, chequers_temple_overflow_minitemple, temple_doors_cd,
          fountainhead, minmay_small_thing
D:5:      layout_gridville, kennysheep_little_box, portal_sewer_entry_c
Temple:   eino_temple_lava

Skill      XL: |  1  2  3  4  5  6  7  8 |
---------------+-------------------------+-----
Stealth        | 1 2 3 4 |  4.3
Unarmed Combat | 1 2 3 |  3.0
Long Blades    | 3 4 5 |  5.1
Evocations     | 1 2 |  2.9
Dodging        | 4 |  4.4
Fighting       | 4 |  4.4
Shields        | 4 |  4.3

Action                   |  1- 3 |  4- 6 |  7- 9 || total
-------------------------+-------+-------+-------++-------
Melee: Long sword        |    57 |    93 |    58 ||   208
       Constrict         |    16 |    31 |    16 ||    63
       Tentacles         |    12 |    18 |    12 ||    42
       Punch             |       |       |     1 ||     1
Throw: Javelin           |       |    10 |       ||    10
Evoke: Wand              |       |       |     6 ||     6
  Use: Scroll            |       |     7 |     4 ||    11
       Potion            |       |       |     3 ||     3
 Stab: Sleeping          |     3 |     6 |     4 ||    13
Armor: Skin              |     4 |     2 |     1 ||     7
Dodge: Dodged            |    26 |    43 |    14 ||    83
Block: Kite shield       |    28 |    36 |    27 ||    91
       Rpst.: Long sword |     8 |    15 |     5 ||    28

Table legend: (Time is in decaauts)
 A = Elapsed time spent in this place.
 B = Non-inter-level travel time spent in this place.
 C = Inter-level travel time spent in this place.
 D = Time resting spent in this place.
 E = Time spent auto-exploring this place.
 F = Levels seen in this place.
 G = Mean time per level.
                   A        B        C        D        E       F      G
               +--------+--------+--------+--------+--------+-----+--------+
         Total |   5024 |   4876 |    148 |   1055 |   3008 |   6 |  837.3 |
       Dungeon |   5006 |   4858 |    148 |   1055 |   3008 |   5 | 1001.2 |
        Temple |     18 |     18 |      0 |      0 |      0 |   1 |   18.0 |
               +--------+--------+--------+--------+--------+-----+--------+

Top non-repeatable levels by time:
     D:4: 1456 daAuts
     D:1: 1292 daAuts
     D:3: 1198 daAuts
     D:2: 978 daAuts
     D:5: 80 daAuts
  Temple: 18 daAuts
